 Dungeon Crawl Stone Soup version 0.31.0-32-g396128a36d (webtiles) character file.

Game seed: 2711164737578847594

197 hawla the Firebug (level 5, -2/28 HPs)
             Began as a Deep Elf Fire Elementalist on Apr 17, 2024.
             Killed from afar by a starcursed mass (10 damage)
             ... with an accursed screaming
             ... on level 1 of the Abyss.
             The game lasted 00:05:32 (3381 turns).

hawla the Firebug (Deep Elf Fire Elementalist)      Turns: 3381, Time: 00:05:33

Health: -2/28      AC:  3    Str:  5    XL:     5   Next: 46%
Magic:  3/11       EV: 12    Int: 22    God:
Gold:   187        SH:  0    Dex: 15    Spells: 3/10 levels left

rFire   . . .        e - +1 dagger (venom)
rCold   . . .        (no shield)
rNeg    . . .        a - +0 robe
rPois   .            (no helmet)
rElec   .            (no cloak)
rCorr   .            (no gloves)
SInv    .            c - +0 pair of boots
Will    .....        (no amulet)
Stlth   ++           (no ring)
HPRegen 0.24/turn    (no ring)
MPRegen 0.12/turn

%: no passive effects
@: no status effects
A: no striking features
a: no special abilities


You were on level 1 of the Abyss.
You visited 1 branch of the dungeon, and saw 4 of its levels.
You visited the Abyss 1 time.

You collected 187 gold pieces.

Inventory:

Hand Weapons
 e - a +1 dagger of venom (weapon)
Armour
 a - a +0 robe (worn)
 c - a +0 pair of boots (worn)
Magical Staves
 i - a staff of fire
Scrolls
 b - a scroll of immolation {unknown}
 h - a scroll of vulnerability {unknown}
Potions
 f - a potion of brilliance {unknown}
 g - a potion of curing {unknown}


   Skills:
 - Level 2.4 Dodging
 - Level 2.4 Stealth
 - Level 3.0 Spellcasting
 - Level 1.1 Conjurations
 + Level 6.9 Fire Magic


You had 3 spell levels left.
You knew the following spells:

 Your Spells              Type           Power      Damage    Failure   Level
a - Foxfire               Conj/Fire      80%        2x1d8     2%          1
b - Scorch                Fire           66%        2d7       1%          2
c - Flame Wave            Conj/Fire      20%        2d7       24%         4

Your spell library contained the following spells:

 Spells                   Type           Power      Damage    Failure   Level
 Inner Flame              Hex/Fire       18%        N/A       9%          3
 Volatile Blastmotes      Fire/Tloc      36%        2d13      9%          3
 Apportation              Tloc           6%         N/A       12%         1
 Momentum Strike          Conj/Tloc      10%        3d8       16%         2
 Blink                    Tloc           6%         N/A       19%         2
 Jinxbite                 Hex            6%         N/A       19%         2
 Lesser Beckoning         Tloc           6%         N/A       19%         2
 Alistair's Intoxication  Alch           2%         N/A       98%         5


Dungeon Overview and Level Annotations

Branches:
Dungeon (4/15)
 Temple: D:4-7

Altars:
Kikubaaqudgha

Shops:
D:3 [

Annotations:
D:4 Robin


Message History

You conjure some foxfire!
The goblin hits you with a +0 club.
Robin hits you from afar with a +1 trident of distortion.
You closely miss the goblin.
The foxfire hits Robin but does no damage.
Robin is severely wounded.
The goblin barely misses you.
Robin hits you from afar with a +1 trident of distortion.
You are cast into the Abyss!
This branch contains the abyssal rune of Zot.
You start resting.
A starcursed mass comes into view.
Casting: Foxfire (safe; 2% risk of failure)
Confirm with . or Enter, or press ? or * to list all spells.
You conjure some foxfire!
A starcursed mass splits.
The foxfire hits the starcursed mass.
The starcursed mass is lightly damaged.
The starcursed mass shudders and is absorbed by its neighbour.
A starcursed mass splits.
A chorus of shrieks assaults your mind.
The foxfire hits the starcursed mass.
The starcursed mass is lightly damaged.
The starcursed mass shudders and is absorbed by its neighbour.
Casting: Foxfire (safe; 2% risk of failure)
Confirm with . or Enter, or press ? or * to list all spells.
You conjure some foxfire!
A starcursed mass splits.
The foxfire hits the starcursed mass but does no damage.
The starcursed mass is lightly damaged.
The foxfire hits the starcursed mass but does no damage.
The starcursed mass is lightly damaged.
A chorus of shrieks assaults your mind.
* * * LOW HITPOINT WARNING * * *
Unknown command.
Casting: Foxfire (safe; 2% risk of failure)
Confirm with . or Enter, or press ? or * to list all spells.
Flames lash the starcursed mass.
The starcursed mass is lightly damaged.
The starcursed mass's fire resistance burns away.
The starcursed mass shudders and withdraws towards its neighbour.
A chorus of shrieks assaults your mind.
You die...

.#.##.#..
..#....
#....X.
..#.X
.... #§#
####§#
##.§@#
#...####
#.


You could see 2 starcursed masses.

Vanquished Creatures
  2 vampire bats (D:3)
  A bombardier beetle (D:3)
  An adder (D:2)
  A ribbon worm (D:3)
  2 dart slugs
  An orc (D:4)
  9 ball pythons
  2 bat skeletons (D:3)
  3 bat zombies (D:3)
  3 endoplasms
  4 giant cockroaches
  13 goblins
  8 hobgoblins
  2 quokkas
  5 bats
  4 frilled lizards
  2 kobolds (D:2)
  4 rats
67 creatures vanquished.

Vanquished Creatures (others)
  92 foxfires
92 creatures vanquished.

Grand Total: 159 creatures vanquished

Notes
Turn   | Place    | Note
-------+----------+-------------------------------------------
     0 | D:1      | hawla the Deep Elf Fire Elementalist began the quest for
                  | the Orb.
     0 | D:1      | Reached XP level 1. HP: 10/10 MP: 6/6
   407 | D:1      | Reached XP level 2. HP: 15/15 MP: 6/8
   410 | D:1      | Learned a level 2 spell: Scorch
   434 | D:1      | Reached skill level 4 in Fire Magic
  1366 | D:2      | Reached XP level 3. HP: 19/19 MP: 9/9
  1519 | D:2      | Reached skill level 5 in Fire Magic
  2139 | D:3      | Reached XP level 4. HP: 4/24 MP: 4/10
  2140 | D:3      | Reached skill level 6 in Fire Magic
  2140 | D:3      | Reached XP level 5. HP: 5/28 MP: 2/11
  2145 | D:3      | Learned a level 4 spell: Flame Wave
  2326 | D:3      | Found Huec's Armour Boutique.
  2910 | D:3      | Found an ancient bone altar of Kikubaaqudgha.
  3239 | D:4      | Noticed Robin
  3323 | Abyss:1  | Cast into level 1 of the Abyss (Robin)
  3375 | Abyss:1  | Noticed a starcursed mass
  3381 | Abyss:1  | Killed from afar by a starcursed mass

Illustrated notes

Levels and vault maps discovered:
D:1:      amcnicky_arrival_underground_garden, layout_loops_ring
D:2:      layout_loops_ring
D:3:      layout_basic, kennysheep_vampire_church, serial_shops, shop,
          chequers_serial_rivers_micro_b
D:4:      layout_rooms, overflow_temple_1_default, makhleb_altar_promises_db,
          uniq_robin, uniq_pargi
Abyss:1:  base:
D:4

Skill      XL: |  1  2  3  4 |
---------------+-------------+-----
Fire Magic     | 4 5 6 |  6.9
Dodging        | |  2.4
Stealth        | |  2.4
Spellcasting   | |  3.0
Conjurations   | |  1.1

Action                     |  1- 3 |  4- 6 || total
---------------------------+-------+-------++-------
  Melee: Dagger            |    10 |     2 ||    12
   Cast: Foxfire           |    28 |    26 ||    54
         Scorch            |    23 |    12 ||    35
         Flame Wave        |       |     1 ||     1
    Use: Scroll            |     2 |       ||     2
         Potion            |     1 |       ||     1
   Stab: Sleeping          |     5 |       ||     5
 Armour: Robe              |    62 |     8 ||    70
  Dodge: Dodged            |    69 |     8 ||    77
